 Dungeon Crawl Stone Soup version 0.31-a0-1074-g0b22e4e0f1 (webtiles) character file.

Game seed: 6230419884440930382

34456 Jeffwins the Gouger (level 13, -16/57 HPs)
             Began as a Felid Shapeshifter on Dec 8, 2023.
             Was an Initiate of Gozag.
             Hit by a javelin thrown by a minotaur (31 damage)
             ... in a Gauntlet.
             The game lasted 00:49:12 (22890 turns).

Jeffwins the Gouger (Felid Shapeshifter)           Turns: 22890, Time: 00:49:13

Health: -16/57     AC:  3    Str: 10    XL:     13   Next: 42%
Magic:  21/21      EV: 23    Int: 16    God:    Gozag
Gold:   1628       SH:  0    Dex: 16    Spells: 10/22 levels left
                                        Lives:  0   Deaths: 5

rFire   . .          .
                       - Unarmed
rCold   + . .        (shield unavailable)
rNeg    . . .        (body armour unavailable)
rPois   .            (helmet unavailable)
rElec   .            (cloak unavailable)
rCorr   .            (gloves unavailable)
SInv    +            (boots unavailable)
Will    ++...        r - amulet of magic regeneration
Stlth   ++           v - ring of willpower
HPRegen 0.29/turn    L - ring of flight
MPRegen 0.57/turn

%: no teleportation
@: flux-form, flying, glowing, quick
A: glow, contaminating, very small, claws 1, fangs 3, see invisible, speed 1,
shaggy fur 3, stealthy paws, no weapons or thrown items, no armour, multi-lived
a: Begin Untransformation, Renounce Religion, Potion Petition, Call Merchant,
Bribe Branch


You were in a Gauntlet.
You worshipped Gozag.
Gozag was most pleased with you.
You were something dangerously unstable.
You visited 3 branches of the dungeon, and saw 17 of its levels.
You also visited: Ossuary and Gauntlet.

You collected 4907 gold pieces.
You spent 464 gold pieces at shops.
You paid 2815 gold pieces to Gozag.


Innate Abilities, Weirdness & Mutations

You are something dangerously unstable.
You glow with magical radiation, making you easy to see and hit.
Foes you strike become dangerously contaminated with magical radiation.
You have sharp claws.
You have razor-sharp teeth.
You have supernaturally acute eyesight. (SInv)
You cover ground quickly. (Speed+)
Your thick and shaggy fur keeps you warm. (AC +3, rC+)
Your paws help you pounce on unaware monsters.
You are incapable of wielding weapons or throwing items.
You cannot wear armour.
You gain extra lives every three experience levels.


   Skills:
 + Level 6.7 Fighting
 + Level 9.4 Dodging
 + Level 9.3 Stealth
 * Level 10.3 Unarmed Combat
 * Level 5.0 Spellcasting
 * Level 5.9 Conjurations
 * Level 2.7 Ice Magic
 * Level 7.4 Air Magic
 * Level 6.0 Earth Magic
 + Level 6.8 Evocations
 - Level 10.0 Shapeshifting


You had 10 spell levels left.
You knew the following spells:

 Your Spells              Type           Power      Damage    Failure   Level
c - Freezing Cloud        Conj/Ice/Air   10%        6-21      43%         5
x - Stone Arrow           Conj/Erth      46%        3d9       3%          3
z - Airstrike             Air            13%        2d(2-18)  7%          4

Your spell library contained the following spells:

 Spells                   Type           Power      Damage    Failure   Level
 Magic Dart               Conj           92%        1d7       1%          1
 Sandblast                Erth           46%        2d11      1%          1
 Searing Ray              Conj           46%        2d6       1%          2
 Static Discharge         Conj/Air       50%        3-6/arc   1%          2
 Freeze                   Ice            48%        1d6       4%          1
 Passwall                 Tmut/Erth      10%        N/A       7%          2
 Hailstorm                Conj/Ice       17%        3d6       8%          3
 Cigotuvi's Dreadful Rot  Necr/Pois/Air  22%        N/A       9%          2
 Brom's Barrelling Bould  Conj/Erth      23%        2d4       13%         4
 Apportation              Tloc           8%         N/A       16%         1
 Frozen Ramparts          Ice            24%        1d4       16%         3
 Jinxbite                 Hex            8%         N/A       22%         2
 Scorch                   Fire           8%         2d5       22%         2
 Summon Lightning Spire   Summ/Air       15%        N/A       32%         4
 Iskenderun's Battlesphe  Conj           23%        2d8       36%         5
 Ignite Poison            Fire/Tmut/Pois 4%         N/A       41%         3
 Flame Wave               Conj/Fire      13%        2d6       41%         4
 Fulminant Prism          Conj/Hex       6%         3d7       41%         4
 Dispel Undead            Necr           4%         3d7       83%         4
 Bombard                  Conj/Erth      11%        9d3       89%         6
 Alistair's Intoxication  Tmut/Pois      2%         N/A       99%         5
 Death Channel            Necr           2%         N/A       100%        6
 Summon Cactus Giant      Summ           2%         N/A       100%        6
 Spellforged Servitor     Conj/Summ      6%         N/A       100%        7
 Chain Lightning          Conj/Air       12%        3d16      100%        9
 Fire Storm               Conj/Fire      6%         8d2       100%        9
 Shatter                  Erth           11%        3d12*     100%        9

Inventory:

Jewellery
 g - an amulet of regeneration
 p - the brooch of Shielding {Spirit SH+8}
   (You found it on level 3 of the Dungeon)

   [amulet of guardian spirit]

   Spirit:    It causes incoming damage to be divided between your reserves of
   health and magic.
   SH+8:      It affects your SH (+8).
 r - an amulet of magic regeneration (around neck)
 v - a ring of willpower (left paw)
 L - a ring of flight (right paw)
 X - a +6 ring of dexterity
Talismans
 b - a beast talisman
 c - a flux talisman (active)
Wands
 t - a wand of flame (30)
 y - a wand of iceblast (2)
Scrolls
 d - 2 scrolls of fog
 e - 2 scrolls of revelation
 k - 7 scrolls of teleportation {@r4}
 m - 3 scrolls of vulnerability {!r}
 s - 2 scrolls of fear
 u - a scroll of poison {!r}
 A - 3 scrolls of identify {@r1}
 B - 2 scrolls of blinking
 D - a scroll of butterflies
Potions
 a - 6 potions of mutation {!q}
 f - 2 potions of might
 i - 3 potions of attraction {!q}
 j - 2 potions of resistance
 l - 2 potions of enlightenment
 n - 2 potions of heal wounds {@q2}
 q - 6 potions of haste {@q3}
 w - 6 potions of ambrosia
 x - a potion of berserk rage {!q}
 z - 2 potions of curing {@q1}
 C - a potion of magic

Dungeon Overview and Level Annotations

Branches:
Dungeon (13/15)            Temple (1/1) D:6            Lair (3/5) D:9
 Shoals (0/4) Lair:3       Spider (0/4) Lair:3          Orc (0/2) D:10
Ossuary (visited)         Gauntlet (1/1)
 Vaults: D:13-14

Altars:
Ashenzari
Cheibriados
Dithmenos
Elyvilon
Fedhas
Gozag
Hepliaklqana
Kikubaaqudgha
Makhleb
Nemelex Xobeh
Okawaru
Qazlal
Ru
Sif Muna
Trog
Uskayaw
Vehumet
Wu Jian
Xom
Yredelemnul
Zin
The Shining One

Shops:
D:2 ?   D:9 =(:   D:11 ?

Annotations:
Gauntlet 11 transporters, 21 runed translucent doors

▒▒▒▒▒▒..▒.8.▓▓....░.░ ≈░
.......≈▒...▓▓.▓▓.░.░.≈≈░
.......∩▒.8....▓▓.'...H≈░
.......§▒...▓▓.▓▓H░.░
▒▒▒▒▒▒..▒.8.▓▓....░ ░
©.[..▒..▒...▓▓.▓▓.░
.▒▒..▒▒▒▒.8....▓▓.▓
▒..▒.▒©.....▓▓.▓▓.▓
▒..▒.▒▒▒▒.8.▓▓..p.▓
▒▒▒..▒..▒...▓▓▓▓▓▓▓
▒©.▒.▒..▒≈8≈▓
▒..▒.▒..▒▓▓▓▓ .▒▒..▒..▒
.....▒..▒ ▒▒▒▒▒▒..▒▒▒
©▒....§.▒8▒ ▒▒....§§▒


You could see a minotaur.


Message History

You reach down and open the door.
A minotaur comes into view. It is wielding a +0 orcbow.
The minotaur bellows!
The minotaur throws a javelin.
The javelin barely misses you.
Found a runed mace.
Found a gate leading back out of this place.
Casting: Airstrike (dangerous; 7% risk of failure)
Confirm with . or Enter, or press ? or * to list all spells.
Aiming: Airstrike (dangerous; 7% risk of failure)
Press: ? - help, Dir - move target, f - minotaur
Aim: a minotaur, wielding a +0 orcbow, wearing a +0 chain mail, wearing a +5 ring of evasion and quivering javelins (empty space bonus: 5/8)
You miscast Airstrike.
You are very lightly contaminated with residual magic.
The wind whips around you!
The minotaur shoots an arrow.
The arrow hits you!!
You reach down and close the door.
The minotaur shoots an arrow.
The arrow hits you!!
* * * LOW HITPOINT WARNING * * *
Your magical contamination has completely faded away.
Okay, then.
Casting: Airstrike (dangerous; 7% risk of failure)
Confirm with . or Enter, or press ? or * to list all spells.
Okay, then.
Press: ? - help, v - describe, . - travel
Here: a minotaur, wielding a +0 orcbow, wearing a +0 chain mail, wearing a +5 ring of evasion and quivering javelins The floor.
The minotaur bellows!
The minotaur throws a javelin.
The javelin pierces through you!!
Ouch! That really hurt!
You die...
Your body crumbles into a pile of gold.

Skill      XL: |  1  2  3  4  5  6  7  8  9 10 11 12 13 |
---------------+----------------------------------------+-----
Stealth        | 1 2 3 4 5 6 7 8 9 |  9.3
Dodging        | 3 4 5 6 7 8 9 |  9.4
Shapeshifting  | 4 5 6 7 8 9 10 | 10.0
Fighting       | 2 3 4 5 6 |  6.7
Unarmed Combat | 4 5 6 7 8 9 10 | 10.3
Evocations     | 2 3 4 5 6 |  6.8
Air Magic      | 2 3 4 6 7 |  7.4
Spellcasting   | 1 2 3 4 5 |  5.0
Conjurations   | 2 4 5 |  5.9
Earth Magic    | 2 4 5 6 |  6.0
Ice Magic      | 1 2 |  2.7

Action                     |  1- 3 |  4- 6 |  7- 9 | 10-12 | 13-15 || total
---------------------------+-------+-------+-------+-------+-------++-------
  Melee: Unarmed           |    94 |   252 |   368 |   579 |    94 ||  1387
         Bite              |     5 |    31 |    56 |    90 |    17 ||   199
         Punch             |     3 |       |       |       |       ||     3
   Cast: Airstrike         |       |       |       |   204 |    57 ||   261
         Stone Arrow       |       |       |       |    52 |    48 ||   100
         Freezing Cloud    |       |       |       |       |     1 ||     1
 Invoke: Renounce Religion |       |     1 |       |       |       ||     1
         Call Merchant     |       |       |       |     3 |       ||     3
  Evoke: Wand              |       |     1 |    27 |    18 |     5 ||    51
    Use: Potion            |     1 |       |     2 |     5 |       ||     8
         Scroll            |       |     7 |     6 |     9 |     6 ||    28
   Stab: Sleeping          |     1 |     3 |     1 |     1 |     5 ||    11
         Distracted        |       |     1 |     2 |     3 |     1 ||     7
         Invisible         |       |       |       |     1 |       ||     1
 Armour: Skin              |    37 |    67 |   112 |   246 |    64 ||   526
  Dodge: Dodged            |    82 |   183 |   200 |   511 |   134 ||  1110
  Block: Other             |       |    17 |   101 |   108 |       ||   226
   Form: Flux              |       |     1 |       |       |       ||     1

Levels and vault maps discovered:
D:1:      wheals_arrival_shading, layout_rooms
D:2:      layout_rooms, serial_forest, infiniplex_forest_clump_double,
          infiniplex_forest_lined_room_, infiniplex_forest_clump_double,
          infiniplex_forest_clump_small, infiniplex_forest_clump_large,
          serial_shops, shop, basic_altar, minmay_puff
D:3:      minmay_angry_zag, layout_loops_ring,
          mainiacjoe_overflow_small_starburst,
          hellmonk_ecumenical_altar_crossroads, dreamdust_wishing_well,
          uniq_terence
D:4:      layout_loops_ring, nicolae_overflow_hidden_temple,
          uniq_crazy_yiuf_cottage
D:5:      layout_loops_ring, mainiacjoe_overflow_six_doors_small,
          enter_ossuary_3, uniq_sigmund
D:6:      layout_basic, minmay_temple_entry_tees,
          nicolae_houndstooth_variations, uniq_prince_ribbit1
D:7:      layout_basic, serial_rivers, chequers_serial_rivers_small_a,
          chequers_serial_rivers_room_b, chequers_serial_rivers_micro_d,
          chequers_serial_rivers_micro_c, chequers_serial_rivers_micro_c,
          st_stairs_2, lemuel_flamethrower_2
D:8:      layout_loops_ring, lemuel_doored_altar, mainiacjoe_overflow_alcove_1,
          kennysheep_mini, minmay_lizard_king
D:9:      layout_roguey [special_room_bee], amethyst_overflow_temple_binary,
          hellmonk_lair_entry_icy, minmay_misc_feat_plants,
          nicolae_shop_firing_range
D:10:     lemuel_ogre_cave, layout_grid_maze, mainiacjoe_overflow_paths,
          orc_0_dummy, uniq_nergalle
D:11:     layout_roguey, nicolae_ru_awakened_eye
D:12:     layout_irregular_city, nicolae_kikubaaqudgha_miasma_corner
D:13:     layout_basic, serial_curves, eino_curves_02, eino_curves_04
Temple:   minmay_freezing_vapour_temple
Lair:1:   layout_roguey, minivault_27, nzn_random_ring, uniq_erica
Lair:2:   layout_cave_pods, serial_bayou_lake_a, serial_bayou_shore_a,
          lemuel_fruit_tree, grunt_megastairs_4
Lair:3:   layout_misc_corridors, minmay_shoals_entry_lonely_mermaid,
          spider_nest_entry_web_field, gauntlet_entry_generic,
          grunt_megastairs_2
Gauntlet: gammafunk_gauntlet_branching [gammafunk_gauntlet_arena_teeth,
          gammafunk_gauntlet_arena_chambers, nicolae_gauntlet_swirl,
          gammafunk_gauntlet_arena_crates,
          minmay_gauntlet_arena_make_your_own_arena,
          nicolae_gauntlet_arena_t_cross, nicolae_gauntlet_arena_quarters,
          nicolae_gauntlet_arena_blocks, gauntlet_exit_watery]

Notes
Turn   | Place    | Note
-------+----------+-------------------------------------------
     0 | D:1      | Jeffwins the Felid Shapeshifter began the quest for the
                  | Orb.
     0 | D:1      | Reached XP level 1. HP: 9/9 MP: 2/2
   128 | D:1      | Reached XP level 2. HP: 12/12 MP: 3/3
   134 | D:1      | Reached skill level 1 in Stealth
   136 | D:1      | Reached skill level 3 in Dodging
   435 | D:1      | Reached XP level 3. HP: 15/15 MP: 4/4
   607 | D:2      | Found Kiwaush's Magic Scroll Shoppe.
   819 | D:1      | HP: 1/15 [gnoll/+0 flail (14)]
   910 | D:1      | Reached XP level 4. HP: 19/19 MP: 5/5
   962 | D:2      | Reached skill level 4 in Shapeshifting
  1181 | D:2      | Reached skill level 2 in Stealth
  1323 | D:2      | Reached skill level 2 in Fighting
  1420 | D:2      | Found a glowing silver altar of Zin.
  1466 | D:1      | Reached XP level 5. HP: 19/22 MP: 6/6
  1795 | D:2      | Reached skill level 4 in Unarmed Combat
  1977 | D:2      | Bought a scroll of identify for 24 gold pieces
  1977 | D:2      | Bought a scroll of identify for 24 gold pieces
  2011 | D:3      | Noticed Terence
  2108 | D:3      | Killed Terence
  2232 | D:3      | Slain by a gnoll
  2239 | D:3      | Reached skill level 4 in Dodging
  2455 | D:3      | Gained mutation: You are covered in thick fur. (AC +2)
                  | [Felid growth]
  2455 | D:3      | Reached XP level 6. HP: 18/27 MP: 7/7
  2579 | D:3      | Found a snail-covered altar of Cheibriados.
  2609 | D:3      | Found a faded altar of an unknown god.
  2615 | D:3      | Prayed at the altar of an unknown god.
  2615 | D:3      | Became a worshipper of Ru the Awakened
  2616 | D:3      | Fell from the grace of Ru
  2805 | D:3      | Reached skill level 3 in Stealth
  2851 | D:3      | Found the brooch of Shielding {Spirit SH+8}
  3207 | D:4      | Found a radiant altar of Vehumet.
  3327 | D:4      | Found a runed translucent door.
  3328 | D:4      | Identified the +3 hammer of Rotten Subterfuge {antimagic,
                  | rPois rF- Str+3 Dex+3}
  3328 | D:4      | Noticed Crazy Yiuf
  3414 | D:4      | HP: 1/20 [dart slug/slug dart (6)]
  3765 | D:4      | Found a glowing silver altar of Zin.
  3767 | D:4      | Found a shadowy altar of Dithmenos.
  3900 | D:4      | Killed Crazy Yiuf
  3993 | D:5      | Entered Level 5 of the Dungeon
  4092 | D:5      | Reached skill level 5 in Shapeshifting
  4157 | D:5      | Noticed an ice beast
  4246 | D:5      | Slain by an ice beast
  4288 | D:5      | Noticed Sigmund
  4288 | D:5      | Found a basalt altar of Yredelemnul.
  4317 | D:5      | Reached XP level 7. HP: 15/30 MP: 5/8
  4335 | D:5      | Found a sand-covered staircase.
  4348 | D:5      | Reached skill level 3 in Fighting
  4348 | D:5      | Reached skill level 5 in Unarmed Combat
  4348 | D:5      | Reached skill level 1 in Evocations
  4416 | Ossuary  | Entered an ossuary
  4665 | Ossuary  | Reached skill level 5 in Dodging
  4684 | Ossuary  | Reached skill level 4 in Stealth
  4990 | D:5      | Reached skill level 2 in Evocations
  5115 | D:5      | Reached XP level 8. HP: 28/34 MP: 7/9
  5436 | D:5      | Killed Sigmund
  5437 | D:5      | Reached skill level 6 in Shapeshifting
  5815 | D:6      | Found a staircase to the Ecumenical Temple.
  5834 | Temple   | Entered the Ecumenical Temple
  5839 | Temple   | Became a worshipper of Gozag Ym Sagoz the Greedy
  5845 | Temple   | Learned a level 4 spell: Airstrike
  6001 | D:6      | Reached skill level 6 in Unarmed Combat
  6005 | D:6      | Noticed Prince Ribbit
  6012 | D:6      | Killed Prince Ribbit
  6013 | D:6      | Reached skill level 5 in Stealth
  6013 | D:6      | Reached skill level 1 in Air Magic
  6139 | D:6      | Reached skill level 4 in Fighting
  6290 | D:7      | Reached skill level 3 in Evocations
  6388 | D:7      | Reached skill level 6 in Dodging
  6388 | D:7      | Reached skill level 1 in Spellcasting
  6628 | D:7      | Reached skill level 2 in Air Magic
  6628 | D:7      | Reached XP level 9. HP: 29/39 MP: 11/11
  7016 | D:7      | Reached skill level 7 in Shapeshifting
  7554 | D:7      | Reached skill level 2 in Spellcasting
  7554 | D:7      | Reached skill level 3 in Air Magic
  7612 | D:7      | Reached skill level 7 in Unarmed Combat
  7930 | D:8      | Reached skill level 6 in Stealth
  8002 | D:8      | Reached skill level 4 in Evocations
  8006 | D:8      | HP: 3/60 [vampire mosquito (6)]
  8145 | D:8      | Found an ancient bone altar of Kikubaaqudgha.
  8223 | D:8      | Reached XP level 10. HP: 25/43 MP: 8/14
  8376 | D:8      | Reached skill level 7 in Dodging
  8642 | D:8      | Reached skill level 5 in Fighting
  8794 | D:8      | Reached skill level 4 in Air Magic
  8826 | D:8      | Found a shimmering altar of Xom.
  9089 | D:8      | Found a sparkling altar of Nemelex Xobeh.
  9214 | D:8      | Learned a level 3 spell: Stone Arrow
  9863 | D:9      | Reached skill level 1 in Conjurations
  9868 | D:9      | HP: 3/44 [killer bee (2)]
  9873 | D:9      | Reached skill level 1 in Earth Magic
 10028 | D:9      | Reached skill level 8 in Shapeshifting
 10444 | D:9      | Reached skill level 7 in Stealth
 10444 | D:9      | Reached skill level 8 in Unarmed Combat
 10444 | D:9      | Reached skill level 3 in Spellcasting
 10470 | D:9      | Found a staircase to the Lair.
 10683 | D:9      | Reached skill level 2 in Conjurations
 10688 | D:9      | HP: 4/44 [poisoned by a killer bee]
 10857 | D:9      | Reached skill level 2 in Earth Magic
 10922 | D:9      | Found a bloodstained altar of Trog.
 10931 | D:9      | Found an iron altar of Okawaru.
 11042 | D:9      | Found Tomeho's Firing Range.
 11345 | D:10     | Entered Level 10 of the Dungeon
 11682 | D:10     | Reached skill level 5 in Evocations
 11682 | D:10     | Reached XP level 11. HP: 35/48 MP: 5/16
 11818 | D:10     | Noticed Nergalle
 12091 | D:10     | Reached skill level 5 in Air Magic
 12246 | D:10     | Found a broken altar of Ashenzari.
 12703 | D:10     | Reached skill level 3 in Earth Magic
 12828 | D:10     | Reached skill level 3 in Conjurations
 13107 | D:10     | Killed Nergalle
 13452 | D:10     | Found a staircase to the Orcish Mines.
 13955 | D:11     | Found a sacrificial altar of Ru.
 14189 | D:11     | Identified a scroll of acquirement
 14190 | D:11     | Acquired 1171 gold pieces
 14212 | D:11     | Reached skill level 8 in Dodging
 14488 | D:11     | Noticed a two-headed ogre
 14506 | D:11     | Killed a two-headed ogre
 14659 | D:11     | Bought a scroll of identify for 32 gold pieces
 14659 | D:11     | Bought a scroll of teleportation for 48 gold pieces
 14659 | D:11     | Bought a scroll of blinking for 120 gold pieces
 14659 | D:11     | Bought a scroll of identify for 32 gold pieces
 14659 | D:11     | Bought a scroll of identify for 32 gold pieces
 14659 | D:11     | Bought a scroll of blinking for 120 gold pieces
 14659 | D:11     | Bought a scroll of identify for 32 gold pieces
 14768 | D:12     | Noticed a brown ugly thing
 14786 | D:12     | Killed a brown ugly thing
 14996 | D:12     | Identified the +1 war axe of Jiubloc {heavy, rC+++ Dex-3}
 15174 | D:12     | Reached skill level 9 in Shapeshifting
 15281 | D:12     | Reached skill level 9 in Unarmed Combat
 15479 | D:12     | Reached skill level 4 in Earth Magic
 15517 | D:12     | Reached skill level 4 in Conjurations
 15729 | D:12     | Found an ancient bone altar of Kikubaaqudgha.
 15834 | D:12     | Reached skill level 8 in Stealth
 15885 | D:12     | Noticed a boulder beetle
 15892 | D:12     | Killed a boulder beetle
 15893 | D:12     | Reached skill level 6 in Fighting
 15893 | D:12     | Reached skill level 6 in Air Magic
 15893 | D:12     | Gained mutation: Your thick and shaggy fur keeps you warm.
                  | (AC +3, rC+) [Felid growth]
 15893 | D:12     | Reached XP level 12. HP: 11/52 MP: 5/18
 16242 | D:12     | Reached skill level 4 in Spellcasting
 16531 | D:13     | Noticed an eight-headed hydra
 16633 | Lair:1   | Entered Level 1 of the Lair of Beasts
 16938 | D:9      | Slain by a yak
 17223 | Lair:1   | Noticed Erica
 17227 | Lair:1   | Killed Erica
 17228 | Lair:1   | Reached skill level 6 in Evocations
 17565 | Lair:1   | Reached skill level 5 in Earth Magic
 17579 | Lair:1   | Reached skill level 5 in Conjurations
 17848 | Lair:1   | Learned a level 5 spell: Freezing Cloud
 19282 | Lair:1   | Reached skill level 9 in Dodging
 19422 | Lair:1   | Reached skill level 1 in Ice Magic
 19630 | Lair:1   | Reached skill level 10 in Shapeshifting
 19854 | Lair:1   | Reached skill level 10 in Unarmed Combat
 19854 | Lair:1   | Reached skill level 7 in Air Magic
 19957 | Lair:2   | Reached XP level 13. HP: 39/56 MP: 16/20
 20599 | Lair:2   | Reached skill level 9 in Stealth
 20800 | Lair:2   | Reached skill level 2 in Ice Magic
 21061 | Lair:2   | Identified 2 potions of resistance
 21916 | Lair:3   | Found a gate leading to a gauntlet.
 21951 | Lair:3   | Reached skill level 5 in Spellcasting
 21990 | Gauntlet | Entered a Gauntlet
 21990 | Gauntlet | Found a transporter.
 21990 | Gauntlet | Found a transporter.
 22052 | Gauntlet | Found a transporter.
 22052 | Gauntlet | Found a transporter.
 22054 | Gauntlet | Found a large runed translucent door.
 22055 | Gauntlet | Found a large runed translucent door.
 22056 | Gauntlet | Found a large runed translucent door.
 22056 | Gauntlet | Found a large runed translucent door.
 22056 | Gauntlet | Found a runed translucent door.
 22056 | Gauntlet | Found a runed translucent door.
 22057 | Gauntlet | Found a large runed translucent door.
 22058 | Gauntlet | Found a large runed translucent door.
 22058 | Gauntlet | Found a large runed translucent door.
 22058 | Gauntlet | Found a large runed translucent door.
 22059 | Gauntlet | Found a large runed translucent door.
 22060 | Gauntlet | Found a large runed translucent door.
 22065 | Gauntlet | Found a large runed translucent door.
 22065 | Gauntlet | Found a large runed translucent door.
 22066 | Gauntlet | Found a large runed translucent door.
 22066 | Gauntlet | Found a large runed translucent door.
 22066 | Gauntlet | Found a large runed translucent door.
 22066 | Gauntlet | Found a large runed translucent door.
 22069 | Gauntlet | Found a runed translucent gate.
 22069 | Gauntlet | Found a runed translucent gate.
 22069 | Gauntlet | Found a runed translucent gate.
 22071 | Gauntlet | Found a transporter.
 22081 | Gauntlet | Found a transporter.
 22081 | Gauntlet | Found a transporter.
 22081 | Gauntlet | Noticed a quicksilver ooze
 22085 | Gauntlet | Found a transporter.
 22094 | Gauntlet | Noticed a quicksilver ooze
 22112 | Gauntlet | Found a transporter.
 22119 | Gauntlet | Found a transporter.
 22157 | Gauntlet | Found a transporter.
 22171 | Gauntlet | Found a transporter.
 22187 | Gauntlet | Found a transporter.
 22278 | Gauntlet | Found a transporter.
 22288 | Gauntlet | Found a transporter.
 22302 | Gauntlet | Found a transporter.
 22553 | Gauntlet | Mangled by a small abomination
 22794 | Gauntlet | Reached skill level 6 in Earth Magic
 22848 | Gauntlet | Mangled by a quicksilver ooze
 22855 | Gauntlet | Noticed a minotaur
 22890 | Gauntlet | Hit by a javelin thrown by a minotaur

Vanquished Creatures
  2 hydras
  Erica (Lair:1)
  A two-headed ogre (D:11)
  A boulder beetle (D:12)
  Nergalle (D:10)
  A large abomination (Gauntlet)
  An oklob plant (Lair:1)
  An ugly thing (D:12)
  A manticore (D:12)
  A black mamba (Lair:1)
  9 elephants (Lair:1)
  An unseen horror (D:10)
  6 cane toads
  5 rime drakes
  2 kobold demonologists
  5 komodo dragons
  An ice devil (Gauntlet)
  3 trolls
  2 polar bears
  A queen bee (D:9)
  5 blink frogs
  A hornet (D:10)
  4 dream sheep (Lair:3)
  Prince Ribbit (D:6)
  12 slime creatures (D:12)
  Sigmund (D:5)
  2 vampires
  3 wraiths
  19 yaks
  3 wyverns
  3 steam dragons
  2 basilisks
  4 vampire mosquitoes (D:8)
  3 acid dragons
  10 water moccasins
  4 orc warriors
  5 ice beasts
  3 sky beasts
  2 black bears
  21 wolves
  9 ogres
  5 small abominations (Gauntlet)
  5 centaurs
  A kobold brigand (D:7)
  A gnoll sergeant (D:7)
  12 bullfrogs
  7 wights
  29 killer bees
  5 electric eels (Lair:2)
  A howler monkey (D:7)
  3 centaur zombies (Ossuary)
  6 hounds
  2 jellies (D:7)
  Crazy Yiuf (D:4)
  6 orc priests
  2 human zombies (Ossuary)
  Terence (D:3)
  2 sleepcaps
  4 iguanas
  11 orc wizards
  A hound zombie (Ossuary)
  3 mummies (Ossuary)
  18 gnolls
  9 adders
  A shadow imp (D:7)
  5 white imps
  2 adder zombies (Ossuary)
  A worm zombie (D:5)
  A worm (D:3)
  7 dart slugs
  31 orcs
  5 ball pythons
  12 endoplasms
  10 giant cockroaches
  3 gnoll zombies (Ossuary)
  7 goblins
  6 hobgoblins
  3 jackals (D:1)
  12 kobolds
  4 quokkas
  3 training dummies (D:9)
  7 bats
  8 frilled lizards
  5 goblin zombies (Ossuary)
  5 hobgoblin zombies (Ossuary)
  4 jackal zombies (Ossuary)
  4 kobold zombies (Ossuary)
  An orc zombie (Ossuary)
  4 quokka zombies (Ossuary)
  8 rats
  4 rat zombies (Ossuary)
461 creatures vanquished.

Vanquished Creatures (others)
  An ice beast (D:7)
1 creature vanquished.

Grand Total: 462 creatures vanquished

Table legend: (Time is in decaauts)
 A = Elapsed time spent in this place.
 B = Non-inter-level travel time spent in this place.
 C = Inter-level travel time spent in this place.
 D = Time resting spent in this place.
 E = Time spent auto-exploring this place.
 F = Levels seen in this place.
 G = Mean time per level.
                   A        B        C        D        E       F      G
               +--------+--------+--------+--------+--------+-----+--------+
         Total |  20382 |  19662 |    720 |   4033 |  11259 |  19 | 1072.7 |
       Dungeon |  14473 |  13828 |    645 |   2290 |   8478 |  13 | 1113.3 |
        Temple |     14 |      8 |      6 |      0 |      0 |   1 |   14.0 |
          Lair |   4678 |   4610 |     68 |   1577 |   2228 |   3 | 1559.3 |
       Ossuary |    429 |    429 |      0 |     47 |    190 |   1 |  429.0 |
      Gauntlet |    787 |    787 |      0 |    118 |    362 |   1 |  787.0 |
               +--------+--------+--------+--------+--------+-----+--------+

Top non-repeatable levels by time:
  Lair:1: 3338 daAuts
     D:9: 2071 daAuts
    D:10: 1725 daAuts
    D:12: 1688 daAuts
     D:8: 1564 daAuts
     D:7: 1307 daAuts
     D:2: 1261 daAuts
  Lair:2: 1034 daAuts
    D:11: 1013 daAuts
     D:4: 987 daAuts
Gauntlet: 787 daAuts
     D:5: 786 daAuts
     D:6: 767 daAuts
     D:3: 659 daAuts
     D:1: 638 daAuts

Table legend:
 A = Non-vault XP
 B = Vault XP
 C = Vault XP percentage of total XP
 D = Non-vault monster count
 E = Vault monster count
 F = Vault count percentage of total count
                 A         B        C        D         E       F
            +---------+---------+-------+---------+---------+-------
      Total |   34261 |   14963 |  30.4 |     321 |     140 |  30.4
            +---------+---------+-------+---------+---------+-------
        D:1 |      80 |       0 |   0.0 |      30 |       0 |   0.0
        D:2 |     191 |      32 |  14.3 |      24 |       5 |  17.2
        D:3 |     104 |      58 |  35.8 |      23 |       5 |  17.9
        D:4 |      33 |      41 |  55.4 |      14 |       1 |   6.7
        D:5 |     650 |     232 |  26.3 |      16 |       2 |  11.1
        D:6 |     440 |     246 |  35.9 |      10 |       1 |   9.1
        D:7 |    1208 |     519 |  30.1 |      22 |       4 |  15.4
        D:8 |    1994 |     661 |  24.9 |      26 |      12 |  31.6
        D:9 |    2667 |    2380 |  47.2 |      21 |      26 |  55.3
       D:10 |    2893 |    1349 |  31.8 |      27 |       6 |  18.2
       D:11 |    2262 |       0 |   0.0 |      20 |       0 |   0.0
       D:12 |    6908 |       0 |   0.0 |      27 |       0 |   0.0
     Lair:1 |    7014 |    6526 |  48.2 |      22 |      24 |  52.2
     Lair:2 |    3120 |     216 |   6.5 |      20 |       1 |   4.8
     Lair:3 |    4697 |     776 |  14.2 |      19 |       2 |   9.5
    Ossuary |       0 |     331 | 100.0 |       0 |      41 | 100.0
   Gauntlet |       0 |    1596 | 100.0 |       0 |      10 | 100.0
            +---------+---------+-------+---------+---------+-------
